[Event "*** Titled Tuesday Blitz"]
[Site "Chess.com"]
[Date "2020.05.26"]
[Round "2"]
[White "Raja3401"]
[Black "AttilaTurzo"]
[Result "1-0"]
[WhiteElo "2709"]
[BlackElo "2473"]
[TimeControl "180+1"]
[EndTime "10:18:20 PDT"]
[Termination "Raja3401 won by resignation"]

1. e4 e5 2. Nf3 Nc6 3. Bb5 a6 4. Ba4 Nf6 5. O-O Be7 6. d3 b5 7. Bb3 O-O 8. Nc3 d6 9. a3 h6 10. h3 Be6 11. Nd5 Nb8 12. Nxf6+ Bxf6 13. Bxe6 fxe6 14. b4 a5 15. Be3 Nd7 16. c3 axb4 17. axb4 Rxa1 18. Qxa1 Qa8 19. Qb2 Qb7 20. Nd2 Ra8 21. Nb3 c6 22. Ra1 Rxa1+ 23. Qxa1 Nb8 24. Qa7 Qxa7 25. Bxa7 Na6 26. Kf1 Bd8 27. Ke2 Kf7 28. d4 Ke7 29. dxe5 dxe5 30. Kd3 Kd7 31. f3 Be7 32.
Bf2 g6 33. g4 Bd6 34. Be3 h5 35. Nc1 Nc7 36. Ne2 Be7 37. Bf2 h4 38. f4 exf4 39. Nxf4 g5 40. Ng6 Bf6 41. Bd4 Bxd4 42. Kxd4 Kd6 43.
Ne5 Na6 44. Nf7+ Ke7 45. Nxg5 Kd6 46. Nf3 c5+ 47. bxc5+ Nxc5 48. Nxh4 e5+ 49. Ke3 Na4 50. Nf5+ Kc5 51. Kd3 Nb2+ 52. Kc2 Nc4 53. h4 Nd6 54. Nxd6 Kxd6 55. Kb3 Ke6 56. Kb4 Kd6 57. Kxb5 Ke6 58. Kc5 Kf6 59. Kd5 Ke7 60. Kxe5 Kf7 61. h5 Kg7 62. g5 1-0

[Event "*** Titled Tuesday Blitz"]
[Site "Chess.com"]
[Date "2020.05.26"]
[Round "2"]
[White "Perecke"]
[Black "nikitakhoroshev"]
[Result "0-1"]
[WhiteElo "2198"]
[BlackElo "2428"]
[TimeControl "180+1"]
[EndTime "10:18:20 PDT"]
[Termination "nikitakhoroshev won by resignation"]

1. e4 e6 2. d4 d5 3. Nc3 Nc6 4. Nf3 Nf6 5. e5 Ne4 6. Bd3 Bb4 7. Bd2 Nxc3 8. Bxc3 Bxc3+ 9. bxc3 Na5 10. O-O h6 11. Nd2 Bd7 12. f4 g6 13. Nb3 Nc4 14. Bxc4 dxc4 15. Nc5 Bc6 16. Qe2 Qd5 17. Rab1 a5 18.
Rfe1 O-O-O 19. Ne4 Qxe4 20. Qxe4 Bxe4 21. Rxe4 Rd5 22.
a4 c6 23. Ra1 Kc7 24. Ree1 Ra8 25. Kf2 b5 26. Ke3 b4 27. Reb1 bxc3 28. Ra3 Rad8 29. Rxc3 Rxd4 30. g3 h5 31. h4 R8d5 32. Rb2 Rd1 33.
Rxc4 Rg1 34. Kf2 Rdd1 35. c3 Rdf1+ 36. Ke2 Rc1 37. Kf2 Rh1 38. Kg2 Rhd1 39. Rc5 Rd5 40.
Rxd5 exd5 41. Rb3 c5 42. Kf3 Kc6 43. g4 c4 44. Ra3 Rf1+ 45. Kg2 Rxf4 46. gxh5 gxh5 47.
Ra1 Rxh4 48. Rf1 Re4 49. Rf6+ Kc5 50. Rxf7 Rxe5 51. Ra7 Re3 52. Rxa5+ Kd6 53. Ra6+ Ke5 54. Rh6 Rxc3 55. Rxh5+ Kd4 56. Kf2 Ra3 57. Ke2 0-1

[Event "*** Titled Tuesday Blitz"]
[Site "Chess.com"]
[Date "2020.05.26"]
[Round "2"]
[White "Borsuk_Konstantin"]
[Black "malakismayil"]
[Result "1-0"]
[WhiteElo "2604"]
[BlackElo "2285"]
[TimeControl "180+1"]
[EndTime "10:18:21 PDT"]
[Termination "Borsuk_Konstantin won by checkmate"]

1. d4 Nf6 2. c4 e6 3. Nc3 Bb4 4.
Qc2 O-O 5. a3 Bxc3+ 6. Qxc3 b6 7. Bg5 Bb7 8. f3 h6 9. Bh4 c5 10. dxc5 bxc5 11. e3 Nc6 12. Nh3 Qe7 13. Qc2 d5 14. Be2 d4 15. e4 e5 16. Nf2 Qd6 17. Nd3 Nd7 18. g4 a5 19. b3 Rab8 20.
O-O Qg6 21. Bg3 Rbe8 22. Qd2 Ba6 23. Nf2 Rb8 24. Rfb1 Rb7 25. Rb2 Rfb8 26. Rab1 Qe6 27.
Qc1 Kh7 28. Bd3 a4 29. bxa4 Rxb2 30. Rxb2 Rxb2 31. Qxb2 Bxc4 32. Qb7 Bxd3 33. Nxd3 Na5 34. Qd5 c4 35. Nxe5 Nxe5 36. Bxe5 Qxd5 37. exd5 d3 38.
Bc3 Nb7 39. a5 Nc5 40. d6 Kg8 41. a6 Nxa6 42. d7 Kh7 43. d8=Q Nc5 44. Qd5 Ne6 45.
Qxc4 d2 46. Bxd2 Kg8 47. a4 Kh7 48. a5 Kg8 49. a6 Kh7 50. a7 Kg6 51. a8=Q Kh7 52.
Qae4+ Kg8 53. Qcxe6 fxe6 54. Qxe6+ Kh7 55. Bc3 h5 56.
Qf7 Kh6 57. Qxg7# 1-0

[Event "*** Titled Tuesday Blitz"]
[Site "Chess.com"]
[Date "2020.05.26"]
[Round "2"]
[White "LuckSlayeer"]
[Black "BrizuelaReivis"]
[Result "1-0"]
[WhiteElo "2448"]
[BlackElo "2232"]
[TimeControl "180+1"]
[EndTime "10:18:21 PDT"]
[Termination "LuckSlayeer won by resignation"]

1. Nf3 Nf6 2. c4 g6 3. Nc3 d5 4. cxd5 Nxd5 5. Qb3 Nxc3 6. Qxc3 f6 7. h4 Bg7 8. h5 O-O 9. e3 Be6 10. Bc4 Bf7 11. Qb3 Nc6 12. Bxf7+ Rxf7 13. Qxb7 Na5 14. Qb5 c6 15. Qa4 Qd5 16. e4 Qb5 17. Qxb5 cxb5 18. d3 Rd8 19. Ke2 Nc6 20. Be3 g5 21. g4 a6 22. a3 h6 23. Rac1 Rd6 24. Rc5 Na5 25. b4 Nb7 26. Rc7 e5 27. Rhc1 Rdd7 28.
Rxd7 Rxd7 29. Rc6 Rd6 30. Rc7 Nd8 31. Bc5 Rc6 32. Rxc6 Nxc6 33. d4 Kf7 34. d5 Nd8 35. Ne1 Bf8 36. Bxf8 Kxf8 37. Nc2 Ke7 38. Ne3 Kd6 39. Nf5+ Kd7 40. Nxh6 Nf7 41. Nxf7 Ke7 42. Nh6 Kf8 43. Nf5 Kf7 44. d6 Ke6 45. h6 1-0

[Event "*** Titled Tuesday Blitz"]
[Site "Chess.com"]
[Date "2020.05.26"]
[Round "2"]
[White "MichailovM"]
[Black "Lunow"]
[Result "1/2-1/2"]
[WhiteElo "2403"]
[BlackElo "2159"]
[TimeControl "180+1"]
[EndTime "10:18:21 PDT"]
[Termination "Game drawn by repetition"]

1. e4 e5 2. Nf3 Nc6 3. Bb5 a6 4.
Ba4 Nf6 5. O-O Be7 6. Re1 b5 7.
Bb3 O-O 8. a4 b4 9. d3 d6 10. a5 Nb8 11. Nbd2 Nbd7 12. Nf1 Bb7 13. Bd2 c5 14. Ng3 Re8 15. Nf5 Bf8 16. Ng5 d5 17.
exd5 h6 18. Ne4 Bxd5 19. Bxd5 Nxd5 20. Qg4 Kh8 21. Nfd6 Re7 22. Qh5 g6 23. Qh3 f5 24.
Bxh6 Rh7 25. Nf7+ Rxf7 26. Ng5 Kg8 27. Nxf7 Kxf7 28. Bxf8 Qxf8 29. Qf3 Qd6 30. c4 bxc3 31. bxc3 Rb8 32. Rab1 Rxb1 33. Rxb1 Nxc3 34. Rb7 e4 35. dxe4 Nxe4 36. h4 Kf6 37. g3 Ne5 38. Qe3 Qd1+ 39. Kg2 Nd2 40. Rb6+ Kf7 41. Rb7+ Ke6 42. Rb6+ Kf7 43.
Rb7+ Ke6 44. Rb6+ Kf7 1/2-1/2

[Event "*** Titled Tuesday Blitz"]
[Site "Chess.com"]
[Date "2020.05.26"]
[Round "2"]
[White "Mykola-Bortnyk"]
[Black "Herracek"]
[Result "1-0"]
[WhiteElo "2914"]
[BlackElo "2571"]
[TimeControl "180+1"]
[EndTime "10:18:23 PDT"]
[Termination "Mykola-Bortnyk won by checkmate"]

1. e4 c5 2. Nf3 Nc6 3. c3 Nf6 4. e5 Nd5 5. Bc4 Nb6 6. Bb3 c4 7. Bc2 Qc7 8. O-O Nxe5 9. Nxe5 Qxe5 10. Re1 Qc7 11. d4 cxd3 12. Qxd3 e6 13. a4 Be7 14. Na3 a6 15. a5 Nd5 16. Nc4 b5 17. axb6 Nxb6 18. Nxb6 Qxb6 19. Be3 Qc6 20. Bd4 Bb7 21. Qg3 Bf6 22. Be4 d5 23. Bc2 Bxd4 24. Ba4 Bf6 25. Qc7 Qxa4 26. Rxa4 O-O 27. Qxb7 Rab8 28. Qxa6 Rxb2 29. Qc6 Rc2 30. Ra8 g6 31. g3 Rxc3 32. Rxf8+ Kxf8 33. Qd7 Rc2 34. Re3 g5 35. h3 h5 36. g4 hxg4 37. hxg4 Rc4 38. Rg3 Kg7 39. Qe8 Be5 40. Rh3 Rxg4+ 41. Kf1 Rh4 42. Rxh4 gxh4 43.
Kg2 Bf6 44. f4 d4 45. f5 exf5 46. Qd7 Kg6 47. Qd5 Bg7 48. Kf3 Bf6 49. Qd6 Kg5 50.
Qf8 Kg6 51. Qg8+ Bg7 52. Kf4 d3 53. Qd8 Bh6+ 54. Kf3 d2 55. Ke2 Bg5 56. Qg8+ Kf6 57. Qh7 Ke5 58. Qxf7 Kf4 59. Qh5 d1=Q+ 60. Kxd1 Bf6 61.
Ke2 Kg3 62. Qxf5 Bd8 63. Qf3+ Kh2 64. Kf1 h3 65. Qf2+ Kh1 66. Qg1# 1-0

[Event "*** Titled Tuesday Blitz"]
[Site "Chess.com"]
[Date "2020.05.26"]
[Round "2"]
[White "Man-Chuk"]
[Black "Chigorinetz"]
[Result "1-0"]
[WhiteElo "2745"]
[BlackElo "2494"]
[TimeControl "180+1"]
[EndTime "10:18:23 PDT"]
[Termination "Man-Chuk won on time"]

1. e4 c5 2. Nf3 Nc6 3. Bb5 g5 4. Bxc6 dxc6 5. Nxg5 Nf6 6. d3 Rg8 7. Rg1 Qc7 8. h3 c4 9. Be3 cxd3 10. cxd3 h6 11.
Nf3 Be6 12. Nbd2 O-O-O 13. Qc2 Qa5 14. a3 Qa6 15. d4 Kb8 16. O-O-O Ka8 17. g4 h5 18. g5 Ne8 19. h4 Bg4 20. Rde1 Bg7 21. Ne5 Bxe5 22. dxe5 Be2 23. Nb3 Bd3 24. Qc3 b6 25. e6 fxe6 26. Rd1 Nc7 27. Qxc6+ Qb7 28. Qxb7+ Kxb7 29. f3 e5 30. Rd2 Bc4 31. Rxd8 Rxd8 32.
Nd2 Be2 33. g6 Ne6 34. g7 Rg8 35. Rg6 Nd8 36. Bg5 Nf7 37. Bxe7 Kc7 38. Bf6 Kd7 39. Nb3 Ke6 40. Kd2 Bxf3 41. Ke3 Bg4 42. Bg5+ Kd7 43.
Nd2 Be6 44. Nf3 b5 45. Bf6 Kd6 46. Ng5 1-0

[Event "*** Titled Tuesday Blitz"]
[Site "Chess.com"]
[Date "2020.05.26"]
[Round "2"]
[White "Mikhail_Biryukov"]
[Black "SanQui14"]
[Result "1-0"]
[WhiteElo "2643"]
[BlackElo "2315"]
[TimeControl "180+1"]
[EndTime "10:18:23 PDT"]
[Termination "Mikhail_Biryukov won by resignation"]

1. e4 c5 2. Nf3 g6 3. c3 Bg7 4. d4 cxd4 5. cxd4 d5 6. exd5 Nf6 7. Nc3 Nxd5 8. Bc4 Nb6 9. Bb3 O-O 10. h3 Nc6 11. Be3 Na5 12. Bc2 Nac4 13. Rb1 e5 14. dxe5 Nxe5 15. Nxe5 Qxd1+ 16. Rxd1 Bxe5 17. Bb3 Bf5 18. O-O Rac8 19. Bxb6 axb6 20. Nd5 Rcd8 21. Ne7+ Kg7 22. Nxf5+ gxf5 23. Rfe1 Bxb2 24. Rxd8 Rxd8 25. Re7 Rf8 26. Rxb7 Bd4 27. Rd7 Bc5 28. Kf1 Kg6 29. Rd5 f4 30. Bc2+ Kg7 31. Rf5 Bd6 32. Ke2 f6 33. Rd5 Bc5 34. Bb3 Re8+ 35. Kf3 Re7 36. Rd8 Rc7 37. Rd2 Re7 38. Kxf4 Rc7 39. Kf5 Re7 40. f4 Rc7 41. Rd8 Bf8 42. g4 Ra7 43. h4 h6 44. Rb8 Bc5 45. Rg8+ Kh7 46. h5 Bd4 47. Rd8 Bc3 48. Rd6 Rb7 49. Rd3 Bb2 50. Ke6 Kg7 51. Rd8 b5 52. Bd5 Rc7 53. Kf5 b4 54. Rg8+ Kh7 55. Rb8 Bc3 56. Ke6 Rg7 57. Be4+ 1-0

[Event "*** Titled Tuesday Blitz"]
[Site "Chess.com"]
[Date "2020.05.26"]
[Round "2"]
[White "ErikBlomqvist"]
[Black "GukeshDommaraju"]
[Result "0-1"]
[WhiteElo "2394"]
[BlackElo "2672"]
[TimeControl "180+1"]
[EndTime "10:18:24 PDT"]
[Termination "GukeshDommaraju won on time"]

1. e4 c5 2. Nf3 Nc6 3. Bb5 g6 4.
O-O Bg7 5. Nc3 e5 6. Bc4 h6 7. a3 Nge7 8. d3 O-O 9. b4 d6 10. Rb1 Nd4 11. bxc5 dxc5 12. Nxd4 cxd4 13. Nd5 Rb8 14. f4 Be6 15. Nxe7+ Qxe7 16. Bxe6 Qxe6 17. fxe5 b6 18. Rb5 Kh7 19. Qd2 Rfd8 20. a4 a6 21. Rb4 Rbc8 22. h3 Rc6 23. Bb2 Bxe5 24. Qf2 Qd7 25. Qxf7+ Qxf7 26. Rxf7+ Kg8 27. Rf2 Rd7 28. g4 h5 29. Kg2 hxg4 30. hxg4 Rcd6 31. Rc4 Kg7 32.
Rc8 Re6 33. Ba3 Kh7 34. Rcf8 Kg7 35. Rc8 b5 36. Bf8+ Kh7 37. axb5 axb5 38. Rf1 g5 39. Rh1+ Kg8 40. Bd6+ Kf7 41. Bxe5 Rxe5 42. Rh7+ Ke6 43. Re8+ Kf6 0-1

[Event "*** Titled Tuesday Blitz"]
[Site "Chess.com"]
[Date "2020.05.26"]
[Round "2"]
[White "Dinamo81"]
[Black "ulkaf961"]
[Result "1-0"]
[WhiteElo "2616"]
[BlackElo "2180"]
[TimeControl "180+1"]
[EndTime "10:18:24 PDT"]
[Termination "Dinamo81 won by checkmate"]

1. d4 d5 2. Bf4 Nf6 3. e3 e6 4. Nd2 c5 5. c3 Bd6 6. Bg3 O-O 7. Ngf3 b6 8. Bd3 Bb7 9. Qe2 Ne4 10. Bxd6 Qxd6 11.
Ne5 f6 12. Nef3 Nd7 13. O-O Rad8 14. Rfd1 Nxd2 15. Rxd2 e5 16. dxe5 Nxe5 17. Rad1 Qe7 18. Nxe5 fxe5 19. Ba6 Bc6 20. e4 d4 21. cxd4 exd4 22.
Re1 Rde8 23. Bd3 b5 24. Bxb5 Bxb5 25. Qxb5 Rb8 26. Qc4+ Kh8 27. a3 Qe5 28. Rc2 Qf4 29. g3 Qe5 30. Qxc5 Qxc5 31. Rxc5 Rxb2 32. Rf5 Rxf5 33. exf5 Kg8 34. Rd1 Rb3 35. Rxd4 Rxa3 36.
Rd7 a5 37. Kg2 a4 38. g4 Rb3 39. Ra7 Ra3 40. h4 Ra1 41. g5 a3 42. h5 a2 43. Kh2 Kf8 44. Kg2 Ke8 45. h6 gxh6 46.
g6 hxg6 47. fxg6 Kf8 48. f4 Kg8 49. f5 h5 50. f6 h4 51. Ra8# 1-0

[Event "*** Titled Tuesday Blitz"]
[Site "Chess.com"]
[Date "2020.05.26"]
[Round "2"]
[White "CrazyMartian"]
[Black "Carnivoras"]
[Result "0-1"]
[WhiteElo "2297"]
[BlackElo "2615"]
[TimeControl "180+1"]
[EndTime "10:18:24 PDT"]
[Termination "Carnivoras won on time"]

1. d4 d5 2. Bf4 Nf6 3. e3 Bf5 4. c4 c6 5. Nc3 e6 6. Nf3 Nbd7 7. Qb3 Qb6 8. c5 Qxb3 9. axb3 a6 10. b4 Rc8 11. h3 Be7 12. Nd2 O-O 13. Nb3 Bd8 14. Na5 Bxa5 15. bxa5 Rfe8 16. Bd6 e5 17. Kd2 Re6 18. Ra4 Ne8 19. dxe5 Nxe5 20. Bxe5 Rxe5 21. Rb4 Re7 22. Bd3 Bxd3 23. Kxd3 Nf6 24. f3 Rce8 25. Re1 Nd7 26. Na4 Ne5+ 27. Kd4 Nc4 28. e4 Nxa5 29.
b3 dxe4 30. Rxe4 Rd8+ 31. Kc3 Red7 32. Re3 Rd1 33. Rbe4 f5 34. Re8+ Kf7 35. Rxd8 Rxd8 36. b4 b5 37. cxb6 Nb7 38. Nc5 Nd6 39. Nxa6 Nb5+ 40.
Kc2 Nd4+ 41. Kb2 Rd7 42. Nc5 Rd8 43. b7 Rb8 44. Rd3 Ne6 45. Rd7+ Ke8 46. Rd4 Nxd4 0-1

[Event "*** Titled Tuesday Blitz"]
[Site "Chess.com"]
[Date "2020.05.26"]
[Round "2"]
[White "S_Kalvaitis"]
[Black "WonderChampion"]
[Result "1-0"]
[WhiteElo "2333"]
[BlackElo "1925"]
[TimeControl "180+1"]
[EndTime "10:18:24 PDT"]
[Termination "S_Kalvaitis won by checkmate"]

1. d4 d5 2. Bf4 Nf6 3. e3 e6 4.
Nf3 c5 5. Nbd2 Nc6 6. c3 Bd7 7. Bd3 a6 8. O-O Be7 9. Re1 O-O 10. e4 dxe4 11. Nxe4 Nxe4 12. Bxe4 cxd4 13. cxd4 Qb6 14. Rb1 Rfd8 15. Be3 Qc7 16. Ng5 h6 17. Nh3 Bd6 18. Qh5 e5 19. dxe5 Nxe5 20. Nf4 Nc4 21. Nd5 Qa5 22. Bxh6 Bc6 23. Qg5 Be5 24. Ne7+ Kf8 25. Nxc6 bxc6 26. b3 Nd6 27. Bxg7+ Bxg7 28. Qxa5 Rac8 29.
Qc5 Kg8 30. Rbd1 Nxe4 31. Rxd8+ Rxd8 32. Qxc6 Nf6 33. Qxa6 Rb8 34. h3 Rf8 35. g4 Nh7 36. f4 Nf6 37. Qc4 Nd7 38. f5 Nf6 39. Qf4 Nd7 40. g5 Ne5 41. f6 Ng6 42. Qf5 Bh8 43.
Qg4 Rd8 44. h4 Rf8 45. h5 Ne5 46. Rxe5 Kh7 47. g6+ fxg6 48. Qxg6# 1-0

[Event "*** Titled Tuesday Blitz"]
[Site "Chess.com"]
[Date "2020.05.26"]
[Round "2"]
[White "Bacyanide"]
[Black "krzyzan94"]
[Result "0-1"]
[WhiteElo "2466"]
[BlackElo "2697"]
[TimeControl "180+1"]
[EndTime "10:18:25 PDT"]
[Termination "krzyzan94 won by checkmate"]

1. d4 Nf6 2. Nf3 g6 3. c4 Bg7 4.
Nc3 O-O 5. e4 d6 6. Be2 e5 7. O-O Nc6 8. d5 Ne7 9. Ne1 Nd7 10. Bd2 f5 11. f3 f4 12. Nd3 g5 13.
c5 Nf6 14. Rc1 Ng6 15. Nb5 Rf7 16. Ba5 b6 17. cxd6 cxd6 18. Be1 g4 19. Qc2 Nf8 20. Nc7 Rb8 21. Nb4 g3 22. hxg3 fxg3 23. Bxg3 Nh5 24. Bh2 Qg5 25. Ne6 Nxe6 26. dxe6 Bxe6 27. Bc4 Bxc4 28.
Qxc4 Rf8 29. Nd5 Bh6 30. Rc3 Kh8 31. Qe2 Rg7 32. Rc7 Rfg8 33. Rxg7 Nxg7 34. a4 Ne6 35. Qf2 Qh5 36. a5 bxa5 37. Qxa7 Qg6 38. Qf2 Qg7 39.
Rd1 Nd4 40. Rf1 a4 41. Nc3 Be3 42. g4 Bxf2+ 43. Rxf2 Qg5 44. Kg2 Ne6 45. Nd5 h5 46. Bxe5+ Qxe5 47. f4 Qxe4+ 48. Kg3 Rxg4+ 49. Kh3 Qh1+ 50.
Rh2 Qf1+ 51. Rg2 Qxg2# 0-1

[Event "*** Titled Tuesday Blitz"]
[Site "Chess.com"]
[Date "2020.05.26"]
[Round "2"]
[White "woodhy"]
[Black "Vandros57"]
[Result "1/2-1/2"]
[WhiteElo "2404"]
[BlackElo "2177"]
[TimeControl "180+1"]
[EndTime "10:18:25 PDT"]
[Termination "Game drawn - insufficient material"]

1. e4 c5 2. Nf3 e6 3. d4 cxd4 4.
Nxd4 Nf6 5. Bd3 Nc6 6. c3 e5 7.
Nf5 d5 8. exd5 Qxd5 9. Ne3 Qd6 10. O-O Be7 11. b3 O-O 12. Ba3 Qc7 13. Bxe7 Qxe7 14. Qc2 e4 15. Be2 Rd8 16. Nd2 b6 17. Rad1 Bb7 18.
Ndc4 Rac8 19. Nf5 Qe6 20. Nfd6 Rc7 21. Nxb7 Rxb7 22. Rxd8+ Nxd8 23. Rd1 Rd7 24. Ne3 g6 25. Bc4 Qc6 26. a4 Kg7 27. h3 h5 28. Bb5 Rxd1+ 29.
Qxd1 Qc7 30. Qd4 Ne6 31. Qd2 Qe5 32. Nc4 Qc5 33. Nd6 Qe5 34. Bc4 h4 35. Nb5 a5 36.
Qd6 Qxd6 37. Nxd6 Nc5 38. Nxf7 Nfd7 39. Nd6 Kf6 40. Kf1 Ke5 41. Nb5 g5 42. Nd4 Kf4 43.
Ke2 g4 44. hxg4 Kxg4 45. Ke3 h3 46. gxh3+ Kxh3 47. Bd5 Kg2 48. Bxe4+ Nxe4 49. Kxe4 Kxf2 50.
Kd5 Ke3 51. Kc6 Ne5+ 52. Kxb6 Kd3 53. Nc6 Nd7+ 54. Kxa5 Kxc3 55. b4 Kc4 56. b5 Nc5 57.
Nb8 Kb3 58. b6 Nxa4 59. Na6 Nxb6 1/2-1/2

[Event "*** Titled Tuesday Blitz"]
[Site "Chess.com"]
[Date "2020.05.26"]
[Round "2"]
[White "RaunakSadhwani2005"]
[Black "Keks2017"]
[Result "1-0"]
[WhiteElo "2825"]
[BlackElo "2529"]
[TimeControl "180+1"]
[EndTime "10:18:26 PDT"]
[Termination "RaunakSadhwani2005 won on time"]

1. e4 d6 2. d4 Nf6 3. Nc3 g6 4.
Nf3 Bg7 5. Be2 O-O 6. O-O c6 7. a4 Qc7 8. h3 Nbd7 9. Be3 b6 10.
Qd2 Rb8 11. d5 c5 12. Bc4 a6 13. Qe2 Ra8 14. Rfe1 Qb8 15. Rad1 Ne8 16. Bg5 f6 17. Bf4 Nc7 18. h4 Rf7 19. h5 Nf8 20. hxg6 hxg6 21. Bg3 Bg4 22. Qd3 Bd7 23. Ra1 Qb7 24. Reb1 b5 25.
axb5 axb5 26. Rxa8 bxc4 27. Rxf8+ Rxf8 28. Qxc4 Rb8 29. Qd3 Nb5 30. Ne2 Nc7 31. Nf4 Be8 32. b3 g5 33. Ne2 Bg6 34. Nd2 Nb5 35. Nc4 Ra8 36.
f4 gxf4 37. Nxf4 Bh7 38. Bf2 Nc7 39. Nh5 Bh6 40. Be3 Bxe3+ 41. Qxe3 Kh8 42. Kf2 Rg8 43. Rh1 Rg5 44. Qh3 Ne8 45. Nf4 Rg7 46. Ne6 Rf7 47. Qh5 Kg8 48. Rh3 Qa6 49. Rg3+ Ng7 50. Qh6 1-0

[Event "*** Titled Tuesday Blitz"]
[Site "Chess.com"]
[Date "2020.05.26"]
[Round "2"]
[White "KuzubovYuriy"]
[Black "Sweafty"]
[Result "0-1"]
[WhiteElo "2766"]
[BlackElo "2523"]
[TimeControl "180+1"]
[EndTime "10:18:26 PDT"]
[Termination "Sweafty won on time"]

1. d4 Nf6 2. c4 e6 3. Nf3 c5 4. d5 exd5 5. cxd5 d6 6. Nc3 g6 7.
Bf4 a6 8. a4 Bg7 9. e3 O-O 10.
Be2 Nh5 11. Bg5 Qb6 12. Qc1 f5 13. Nd2 Nf6 14. Nc4 Qc7 15. Bf4 Ne8 16. O-O Nd7 17. e4 Ne5 18. Bxe5 dxe5 19. a5 Bd7 20. Na4 Nd6 21. Nab6 Nxe4 22. d6 Qd8 23. Nxa8 Qxa8 24. Nb6 Qd8 25. Bc4+ Kh8 26. Rd1 Bc6 27. Bd5 Bxd5 28. Rxd5 Qh4 29. g3 Qh3 30. Qf1 Qh6 31. Rad1 Bf6 32. Nd7 Rd8 33. Nxf6 Nxf6 34. Rxe5 Ng4 35.
Re8+ Rxe8 36. h3 Nf6 37. Qc4 Qh5 38. g4 Qxh3 39. d7 Nxd7 40. Qf7 Qxg4+ 41. Kh2 Qh5+ 42. Kg2 Qxd1 43. Qxe8+ Kg7 44. Qe7+ Kh6 45. Qh4+ Kg7 46. Qe7+ Kg8 47. Qe6+ Kf8 48. b4 Qg4+ 49. Kf1 Qh3+ 50.
Ke2 Qg4+ 51. Kf1 Qd1+ 52. Kg2 cxb4 53. f3 b3 0-1

[Event "*** Titled Tuesday Blitz"]
[Site "Chess.com"]
[Date "2020.05.26"]
[Round "2"]
[White "Fandorine"]
[Black "AradNazari"]
[Result "1-0"]
[WhiteElo "2898"]
[BlackElo "2462"]
[TimeControl "180+1"]
[EndTime "10:18:26 PDT"]
[Termination "Fandorine won by resignation"]

1. e4 c5 2. Nf3 d6 3. Nc3 Nc6 4. Bb5 Bd7 5. Bxc6 Bxc6 6. d4 cxd4 7. Qxd4 e5 8. Qd3 Be7 9. O-O Nf6 10. Rd1 a6 11. a4 Qc7 12. Bg5 Rd8 13. Bxf6 Bxf6 14. Ne1 O-O 15. Nd5 Bxd5 16. Qxd5 Be7 17. c3 Qc6 18.
Nc2 Kh8 19. Nb4 Qc7 20. Qd3 f5 21. Nd5 Qd7 22. exf5 Bg5 23. Nb6 Qxf5 24. Qxf5 Rxf5 25. Nd5 g6 26. a5 Kg7 27. Ra4 Rf7 28. f3 h5 29. Kf2 Rc8 30. Ke2 Rc5 31. Nb6 Be7 32. Rd3 Bf8 33. h3 Kf6 34. b4 Rc6 35. Ra2 Ke6 36.
Rad2 Rfc7 37. Nd5 Rc8 38. Rd1 Be7 39. Kd2 Bd8 40. Kc2 g5 41. g4 hxg4 42. hxg4 b6 43. axb6 Bxb6 44. Kb3 a5 45. b5 a4+ 46. Kc2 Bd4 47. bxc6 Kxd5 48. cxd4 Rxc6+ 49. Rc3 1-0

[Event "*** Titled Tuesday Blitz"]
[Site "Chess.com"]
[Date "2020.05.26"]
[Round "2"]
[White "agrigo3"]
[Black "Alexander_Moskalenko"]
[Result "0-1"]
[WhiteElo "2312"]
[BlackElo "2790"]
[TimeControl "180+1"]
[EndTime "10:18:26 PDT"]
[Termination "Alexander_Moskalenko won on time"]

1. Nf3 c5 2. g3 b6 3. Bg2 Bb7 4. O-O e6 5. c4 Nf6 6. b3 Be7 7. Bb2 O-O 8. Nc3 d6 9. Re1 Ne4 10. Nxe4 Bxe4 11. d3 Bb7 12. d4 cxd4 13. Qxd4 Bf6 14.
Qd2 Bxb2 15. Qxb2 Nd7 16. Rad1 Qc7 17. Qd4 d5 18. cxd5 Bxd5 19. e4 Bc6 20. Qb2 Rfd8 21.
Nd4 Rac8 22. Rc1 Ne5 23. Nb5 Qb8 24. Nxa7 Qxa7 25. Qxe5 Qxa2 26. b4 f6 27. Qf4 e5 28.
Qe3 Qa7 29. Bh3 Bd7 30. Rxc8 Bxc8 31. Qb3+ Kf8 32. Bxc8 Rxc8 33. Rd1 Qf7 34. Qd3 Qe7 35. Qd6 Qxd6 36. Rxd6 Rc4 37. Rxb6 Rxe4 38. Rb7 h5 39. Kf1 h4 40. b5 h3 41. b6 Rb4 42. Ke2 Rb3 43. Rb8+ Kf7 44. b7 Kg6 45. Rh8 Rxb7 46. Rxh3 Rb8 47. Rh4 Kf5 48. Ra4 g5 49. h4 Rb2+ 50.
Kf1 g4 51. Kg2 Rd2 52. Kf1 Rd8 53. Ke2 Rg8 54. Ke3 Rb8 55. Ke2 Rb1 56. Ke3 Re1+ 57. Kd2 Rh1 58. Ke2 Rc1 59. Ke3 Rc7 60. Ke2 Rg7 61.
Rb4 Ke6 62. Ra4 f5 63. Ra6+ Kd5 64. Ke3 Rc7 65. Ra5+ Ke6 66. Ra6+ Ke7 67. Ra5 Kf6 68. Ra6+ Kf7 69. Ra5 Rc3+ 70. Kd2 Rf3 71. Ke2 e4 72. Ra6 e3 73. fxe3 Rxg3 74. h5 Rh3 75. h6 Rh2+ 76. Kf1 Rh3 77. Kf2 Rf3+ 78. Ke2 Kg8 79. Rb6 Kh7 80. Ra6 Rh3 81. Rf6 Rf3 0-1

[Event "*** Titled Tuesday Blitz"]
[Site "Chess.com"]
[Date "2020.05.26"]
[Round "2"]
[White "aleksandrovaleksei"]
[Black "Bossche-CM"]
[Result "1-0"]
[WhiteElo "2689"]
[BlackElo "2460"]
[TimeControl "180+1"]
[EndTime "10:18:28 PDT"]
[Termination "aleksandrovaleksei won by checkmate"]

1. d4 Nf6 2. c4 e6 3. Nc3 Bb4 4. e3 b6 5. Ne2 Bb7 6. a3 Be7 7. d5 a5 8. Ng3 O-O 9. Be2 Re8 10. O-O d6 11. e4 Nbd7 12. Be3 Bf8 13. b4 axb4 14.
axb4 Rxa1 15. Qxa1 Ne5 16. h3 g6 17. Qa7 Qa8 18. Ra1 Qxa7 19. Rxa7 Rb8 20. Nb5 Ne8 21.
Nd4 exd5 22. cxd5 Bg7 23. b5 Kf8 24. f4 Nd7 25. Kf2 Ke7 26. Nc6+ Bxc6 27. dxc6 Nc5 28. Bc4 Ne6 29. Ne2 h5 30. g4 hxg4 31. hxg4 Nc5 32. Kf3 Bb2 33. f5 Be5 34. g5 Kf8 35. Nf4 Bxf4 36.
Bxf4 gxf5 37. exf5 Kg7 38. f6+ Kf8 39. Kg4 Kg8 40.
Kf5 Kf8 41. Be3 Rc8 42. g6 fxg6+ 43. Kxg6 Ne4 44. Bh6+ Ng7 45. Bxg7+ Ke8 46. f7+ Ke7 47. f8=Q+ Rxf8 48. Bxf8+ Kxf8 49. Rxc7 Nc5 50. Rf7+ Ke8 51. c7 Ne6 52. c8=Q+ Nd8 53. Qd7# 1-0

[Event "*** Titled Tuesday Blitz"]
[Site "Chess.com"]
[Date "2020.05.26"]
[Round "2"]
[White "ArnieChipmunk"]
[Black "korbul"]
[Result "0-1"]
[WhiteElo "2288"]
[BlackElo "2573"]
[TimeControl "180+1"]
[EndTime "10:18:28 PDT"]
[Termination "korbul won by resignation"]

1. e4 c5 2. Nf3 e6 3. d4 cxd4 4. Nxd4 Nf6 5. Nc3 d6 6. g3 d5 7.
exd5 exd5 8. Bg2 Be7 9. O-O O-O 10. Bg5 Nc6 11. Re1 Bg4 12. Qd2 h6 13. Bxf6 Bxf6 14. Ncb5 a6 15. Nxc6 bxc6 16. Nd4 Qb6 17. c3 a5 18. h3 Bd7 19. Rad1 a4 20. a3 Rab8 21. Re2 Rfd8 22. Rde1 c5 23. Nf3 Be6 24. Ne5 Bxe5 25.
Rxe5 Qxb2 26. Qxb2 Rxb2 27. Rd1 d4 28. Rxc5 d3 29.
c4 d2 30. Bd5 Bxh3 31. f3 Bf5 32.
Kf2 Bg6 33. Rc7 Re8 34. Rd7 Rc2 35.
Be4 Bxe4 36. fxe4 Rxe4 37. Rd8+ Kh7 38. R8xd2 Rxd2+ 39. Rxd2 Rxc4 40. Rd7 f6 41. Ra7 Rc2+ 42. Kf1 Rc3 43. Rxa4 Rxg3 44. Ra8 h5 45. a4 Ra3 46.
a5 h4 47. Kg1 Kg6 48. a6 Kg5 49. Kg2 g6 50. a7 f5 51. Kh2 Ra2+ 52. Kh3 Kf4 53.
Rg8 Ra3+ 54. Kh2 Rxa7 55. Rxg6 Kf3 56. Kh3 f4 57. Kxh4 Kf2 58. Kg4 f3 59. Rf6 Rg7+ 60. Kh3 Ke2 61. Re6+ Kf1 62. Kh2 f2 63. Rf6 Rh7+ 64.
Kg3 Kg1 65. Rxf2 Rg7+ 66. Kf3 Rf7+ 0-1

[Event "*** Titled Tuesday Blitz"]
[Site "Chess.com"]
[Date "2020.05.26"]
[Round "2"]
[White "Misha_Bilous"]
[Black "savagemedusa"]
[Result "1-0"]
[WhiteElo "2456"]
[BlackElo "2245"]
[TimeControl "180+1"]
[EndTime "10:18:29 PDT"]
[Termination "Misha_Bilous won by resignation"]

1. d4 f5 2. Nf3 Nf6 3. g3 e6 4. Bg2 Be7 5. O-O O-O 6. c4 d6 7. Nc3 a5 8. Qc2 Nc6 9. a3 e5 10. dxe5 dxe5 11. Rd1 Qe8 12. Nd5 Bd8 13. Bg5 Qh5 14. Bxf6 gxf6 15. b4 axb4 16. axb4 Rxa1 17. Rxa1 f4 18. gxf4 Kh8 19. Kh1 Nd4 20. Nxd4 exd4 21.
b5 Bf5 22. Qd2 c6 23. bxc6 bxc6 24. Nb4 c5 25. Nd5 Bg4 26. Re1 Rg8 27. f5 Bxf5 28. Qf4 Rg4 29. Qb8 Rg8 30. Rg1 Qf7 31. Qf4 Qg6 32. Qh4 Be4 33. Qxe4 Qxe4 34. Bxe4 Rxg1+ 35. Kxg1 f5 36. Bxf5 Kg7 37. Kg2 Bg5 38. Kf3 Bc1 39. Ke4 Bb2 40. Nc7 Ba3 41. Kd5 Kf6 42. Bd3 Kg5 43. Ne6+ Kh4 44. Nxc5 Kh3 45. Kxd4 Kxh2 46.
Ne6 Kg2 47. f4 Kf2 48. f5 Bc1 49. c5 Bb2+ 50. Ke4 Bf6 51. c6 Be7 52. c7 h5 53.
c8=Q h4 54. Qc1 h3 55. Qh1 1-0